Map: Overgrowth LE (Void)

Players

Rodzyn - Winner!

  • Race: Protoss Protoss
  • League: Master
  • Spawn Location: 7:00

ArT - Winner!

  • Race: Protoss Protoss
  • League: Master
  • Spawn Location: 1:00

Matiz

  • Race: Zerg Zerg
  • League: Master

Nedi

  • Race: Zerg Zerg
  • League: Master

VOD

Have the link to the VOD?

Description

Time

  • Played on: Nov. 26, 2016, 2:11 p.m.
  • Length: 8:28
Show
View Real Time Build Order
Export as new Build Order

Rodzyn Protoss - Winner!

Build Orders: 1 Gate Expand 

Get SALT Encoding   

  12  0:00  Probe (Chrono Boost)  
  13  0:11  Probe (Chrono Boost)  
  14  0:19  Pylon  
  14  0:22  Probe (Chrono Boost)  
  15  0:37  Probe (Chrono Boost)  
  15  0:39  Gateway  
  16  0:43  Assimilator  
  16  0:48  Probe (Chrono Boost)  
  17  0:58  Probe (Chrono Boost)  
  18  1:09  Probe (Chrono Boost)  
  19  1:19  Probe (Chrono Boost)  
  20  1:28  Cybernetics Core  
  20  1:35  Nexus  
  20  1:38  Probe (Chrono Boost)  
  21  1:44  Assimilator  
  21  1:49  Probe (Chrono Boost)  
  21  1:53  Pylon  
  22  2:11  Stalker  
  22  2:12  Mothership Core (Chrono Boost)  
  26  2:26  Gateway  
  26  2:31  Probe (Chrono Boost)  
  27  2:45  Stalker  
  27  2:48  Robotics Facility  
  29  2:55  Probe (Chrono Boost)  
  30  3:00  Probe (Chrono Boost)  
  30  3:04  Pylon  
  31  3:09  Probe (Chrono Boost)  
  31  3:11  Probe (Chrono Boost)  
  33  3:13  Stalker  
  35  3:24  Pylon  
  35  3:32  Immortal  
  41  3:52  Pylon  
  41  3:53  Pylon  
  41  3:54  Stalker  
  39  4:01  Cybernetics Core  
  37  4:08  Immortal  
  41  4:17  Zealot  
  41  4:23  Probe (Chrono Boost)  
  43  4:25  Probe (Chrono Boost)  
  43  4:30  Warp Gate  
  39  4:40  Mothership Core (Chrono Boost)  
  39  4:43  Gateway  
  41  4:55  Pylon  
  41  5:01  Pylon  
  41  5:02  Probe (Chrono Boost)  
  41  5:03  Probe (Chrono Boost)  
  41  5:04  Immortal  
  41  5:12  Stalker  
  41  5:13  Stalker  
  49  5:18  Probe (Chrono Boost)  
  50  5:25  Probe (Chrono Boost)  
  50  5:27  Pylon  
  51  5:31  Stalker  
  53  5:40  Immortal  
  53  5:56  Probe x2 (Chrono Boost)  
  55  6:02  Stalker  
  59  6:09  Pylon  
  59  6:10  Mothership Core (Chrono Boost)  
  59  6:13  Gateway  
  59  6:16  Pylon  
  59  6:22  Immortal  
  59  6:26  Stalker  
  61  6:32  Pylon  
  61  6:42  Pylon  
  61  6:45  Gateway  
  55  6:51  Stalker  
  57  6:57  Pylon, Immortal  
  57  6:58  Pylon  
  55  7:02  Pylon  
  55  7:03  Pylon  
  55  7:06  Pylon  
  59  7:10  Stalker  
  61  7:15  Pylon  
  61  7:16  Stalker  
  61  7:17  Stalker  
  63  7:29  Pylon  
  63  7:35  Immortal  
  61  7:37  Stalker  
  61  7:38  Pylon  
  61  7:40  Probe x2 (Chrono Boost)  
  69  7:49  Stalker x2  
  73  7:54  Stalker  
  75  8:01  Probe (Chrono Boost)  
  75  8:05  Stalker  
  74  8:06  Pylon  
  74  8:12  Probe (Chrono Boost)  
  72  8:13  Probe (Chrono Boost)  
Show
View Real Time Build Order
Export as new Build Order

ArT Protoss - Winner!

Build Orders:  

Get SALT Encoding   

  12  0:01  Drone  
  13  0:14  Overlord  
  13  0:17  Drone  
  14  0:26  Drone, Extractor  
  15  0:33  Drone  
  16  0:37  Drone  
  17  0:55  Hatchery  
  17  0:56  Drone  
  17  1:00  Drone  
  18  1:13  Spawning Pool  
  18  1:16  Extractor  
  18  1:17  Extractor  
  15  1:19  Drone  
  15  1:23  Drone  
  17  1:30  Drone  
  18  1:42  Drone  
  19  1:55  Drone  
  19  2:00  Roach Warren  
  19  2:04  Zergling x2  
  19  2:07  Queen  
  22  2:08  Zergling x2  
  23  2:16  Overlord  
  23  2:24  Overlord  
  22  2:44  Roach  
  22  2:45  Roach x2  
  28  2:55  Queen  
  28  2:56  Roach  
  31  3:06  Ravager x3  
  31  3:08  Roach  
  36  3:24  Ravager  
  36  3:26  Roach  
  39  3:35  Ravager  
  40  3:59  Roach x2  
  42  4:14  Roach  
  44  4:29  Roach  
  39  4:42  Roach x3  
  39  4:43  Roach  
  41  4:51  Roach  
  43  4:52  Overlord  
  43  4:55  Queen  
  41  5:01  Roach  
  41  5:08  Ravager  
  41  5:09  Ravager  
  41  5:11  Roach  
  45  5:23  Roach  
  45  5:25  Ravager x2  
  49  5:31  Queen  
  51  5:36  Overlord  
  51  5:43  Ravager  
  48  6:01  Roach x3  
  49  6:05  Drone x3  
  49  6:06  Queen  
  56  6:18  Roach  
  51  6:34  Roach x2  
  51  6:38  Ravager  
  51  6:39  Ravager  
  57  6:42  Queen  
  57  6:52  Roach  
  59  6:54  Overlord  
  59  6:55  Overlord  
  59  6:57  Roach  
  58  7:14  Roach  
  56  7:17  Roach  
  56  7:18  Queen  
  54  7:36  Roach  
  54  7:43  Roach  
  56  7:56  Roach  
  56  7:58  Hatchery  
Show
View Real Time Build Order
Export as new Build Order

Matiz Zerg 

Build Orders:  

Get SALT Encoding   

Show
View Real Time Build Order
Export as new Build Order

Nedi Zerg 

Build Orders:  

Get SALT Encoding   

Tags
 
Add a new tag
Caveats
  • Supply blocks, unpowered buildings, or Contaminate may cause inaccurate times.
  • Supply counts are checked every 10 seconds.